[Event "39 Open Internacional de San Sebastian [Fide Code Event 127615]"]
[Site "Donostia - San Sebastian"]
[Date "2016.03.20"]
[Round "3"]
[White "PEREZ PACHECO, Ricardo"]
[Black "TRATAR, Marko"]
[Result "0-1"]
[BlackElo "2471"]
[ECO "C08"]
[Opening "French"]
[Variation "Tarrasch, Open, 4.exd5 exd5 5.Ngf3 a6 6.Be2"]
[WhiteElo "2141"]
[TimeControl "420+3"]
[Termination "normal"]
[PlyCount "130"]
[WhiteType "human"]
[BlackType "human"]

1. e4 e6 2. d4 d5 3. Nd2 a6 4. Ngf3 c5 5. exd5 exd5 6. Be2 c4 7. b3 cxb3 8.
axb3 Nc6 9. O-O Bd6 10. Re1 Nge7 11. Nf1 O-O 12. Ne3 h6 13. c4 Be6 14. Bd2
Bc7 15. Bc3 Qd7 16. Qd2 Rad8 17. Rad1 f6 18. Bf1 Bf7 19. Rb1 Rfe8 20. g3
Kh8 21. Bg2 Be6 22. Rbd1 Qc8 23. Qb2 Rf8 24. Rd2 Kg8 25. Rc1 Rd7 26. Rcd1
b5 27. cxb5 axb5 28. b4 Nf5 29. Re2 Nd6 30. Ne1 Ne7 31. Nd3 Bf7 32. Nc5
Rdd8 33. Rde1 Rfe8 34. Rc1 Nc4 35. Nxc4 dxc4 36. Rce1 Nd5 37. f4 Rxe2 38.
Rxe2 Re8 39. Be1 c3 40. Rxe8+ Qxe8 41. Qf2 Nxb4 42. Bxc3 Nd5 43. Bd2 Bd6
44. Qe1 Qxe1+ 45. Bxe1 Kf8 46. Bf1 Be8 47. Kf2 f5 48. Bd3 g6 49. Ke2 Ke7
50. Kd2 Bc6 51. Bf2 Nf6 52. Kc3 Ne4+ 53. Nxe4 fxe4 54. d5 b4+ 55. Kd2 Bxd5
56. Bb1 Kd7 57. Bd4 b3 58. Ke3 Ba3 59. g4 Bc1+ 60. Ke2 Bxf4 61. h4 Ke6 62.
Bf2 Bc4+ 63. Ke1 Bd3 64. Bxd3 exd3 65. Bd4 Kd5 0-1

[Event "39 Open Internacional de San Sebastian [Fide Code Event 127615]"]
[Site "Donostia - San Sebastian"]
[Date "2016.03.20"]
[Round "3"]
[White "MOVSZISZIAN, Karen"]
[Black "PASTOR ALONSO DE PRADO, Albert"]
[Result "1-0"]
[BlackElo "2141"]
[ECO "A07"]
[Opening "Reti Opening"]
[Variation "KIA, 1.Nf3 d5 2.g3 Nf6 3.Bg2 e6"]
[WhiteElo "2464"]
[TimeControl "420+3"]
[Termination "normal"]
[PlyCount "93"]
[WhiteType "human"]
[BlackType "human"]

1. g3 d5 2. Nf3 Nf6 3. Bg2 e6 4. O-O Be7 5. d3 b6 6. Nbd2 O-O 7. e4 dxe4 8.
dxe4 Bb7 9. e5 Ne4 10. Qe2 Nxd2 11. Bxd2 Nc6 12. Rfd1 Qc8 13. h4 Rd8 14. c3
Qd7 15. Bf4 Qe8 16. Re1 a5 17. Nh2 a4 18. h5 Na5 19. Bxb7 Nxb7 20. h6 g6
21. Nf3 Nc5 22. Nd4 Rd5 23. Qe3 Rad8 24. Bg5 Bxg5 25. Qxg5 f5 26. f3 R8d7
27. Rad1 Nb7 28. Rb1 Rf7 29. Re2 Qd7 30. Kg2 c5 31. Nc2 f4 32. gxf4 Rd2 33.
Nd4 Rxe2+ 34. Nxe2 Rf5 35. Qh4 Nd8 36. Qe1 Nf7 37. Rd1 Qe7 38. Qd2 Nxh6 39.
Qd6 Rf7 40. Ng3 Qh4 41. Qd8+ Qxd8 42. Rxd8+ Kg7 43. Rd6 Rxf4 44. Rxb6 Rc4
45. a3 Nf7 46. Rxe6 Kf8 47. Ne4 1-0

[Event "39 Open Internacional de San Sebastian [Fide Code Event 127615]"]
[Site "Donostia - San Sebastian"]
[Date "2016.03.20"]
[Round "3"]
[White "TORRES GANUZA, Francisco Javie"]
[Black "PAUNOVIC, Dragan"]
[Result "0-1"]
[BlackElo "2427"]
[ECO "A41"]
[Opening "Neo-Old Indian"]
[Variation "Modern"]
[WhiteElo "2109"]
[TimeControl "420+3"]
[Termination "normal"]
[PlyCount "46"]
[WhiteType "human"]
[BlackType "human"]

1. d4 d6 2. Nf3 g6 3. e3 Bg7 4. Be2 Nf6 5. O-O O-O 6. c4 Nbd7 7. Nc3 e5 8.
dxe5 dxe5 9. b3 e4 10. Nd4 a6 11. Bb2 c5 12. Nc2 Qe7 13. Na3 Ne5 14. Qc2
Bf5 15. Rad1 Rad8 16. Nab1 Nf3+ 17. Bxf3 exf3 18. Qc1 fxg2 19. Kxg2 Ne4 20.
f4 Qh4 21. Rxd8 Rxd8 22. Qe1 Qg4+ 23. Kh1 Nxc3 0-1

[Event "39 Open Internacional de San Sebastian [Fide Code Event 127615]"]
[Site "Donostia - San Sebastian"]
[Date "2016.03.20"]
[Round "3"]
[White "GARRO BERAZA, Julen"]
[Black "SKOMOROKHIN, Roman"]
[Result "1/2-1/2"]
[BlackElo "2410"]
[ECO "A08"]
[Opening "Reti Opening"]
[Variation "KIA, French, 3...Nc6 4.O-O e6 5.d3 Nge7 6.Nbd2 g6 7.e4 Bg7"]
[WhiteElo "1962"]
[TimeControl "420+3"]
[Termination "normal"]
[PlyCount "60"]
[WhiteType "human"]
[BlackType "human"]

1. e4 e6 2. d3 c5 3. Nf3 Nc6 4. g3 d5 5. Nbd2 g6 6. Bg2 Bg7 7. O-O Nge7 8.
Re1 O-O 9. h4 h6 10. e5 Qc7 11. Qe2 Bd7 12. c3 f6 13. exf6 Rxf6 14. Nb3 b6
15. Bf4 Rxf4 16. gxf4 Qxf4 17. d4 c4 18. Nbd2 Nf5 19. Nf1 Rf8 20. N1h2 Nxh4
21. Nxh4 Qxh4 22. Nf3 Qf6 23. b3 cxb3 24. axb3 a5 25. Ra2 Kh7 26. Qd3 Qf4
27. Qe3 Qc7 28. Qd3 Qf4 29. Qe3 Qf5 30. Rd2 Qg4 1/2-1/2

[Event "39 Open Internacional de San Sebastian [Fide Code Event 127615]"]
[Site "Donostia - San Sebastian"]
[Date "2016.03.20"]
[Round "3"]
[White "AABLING-THOMSEN, Jakob"]
[Black "TROFFIGUER, Olivier"]
[Result "1-0"]
[BlackElo "2069"]
[ECO "E05"]
[Opening "Catalan"]
[Variation "Open, Classical, 6.O-O O-O"]
[WhiteElo "2341"]
[TimeControl "420+3"]
[Termination "normal"]
[PlyCount "79"]
[WhiteType "human"]
[BlackType "human"]

1. d4 Nf6 2. Nf3 e6 3. g3 d5 4. Bg2 Be7 5. O-O O-O 6. c4 dxc4 7. Nc3 Bd7 8.
Ne5 Bc6 9. e4 b5 10. Nxc6 Nxc6 11. e5 Nd5 12. Nxb5 Rb8 13. Nc3 Ncb4 14. Qg4
Kh8 15. Qh3 Nxc3 16. bxc3 Nd5 17. Be4 g6 18. g4 c5 19. f4 cxd4 20. cxd4 Qb6
21. Rd1 Rfd8 22. f5 exf5 23. gxf5 Nb4 24. Be3 Rg8 25. f6 Bf8 26. Bf2 Qe6
27. Qf3 Bh6 28. Bg3 Nd3 29. Bxd3 cxd3 30. Rxd3 Rb2 31. Rb3 Rd2 32. Rd1
Rxd1+ 33. Qxd1 Rc8 34. d5 Qe8 35. Qd4 Kg8 36. Qe4 Qd7 37. e6 fxe6 38. Qxe6+
Qxe6 39. dxe6 Bg5 40. Be5 1-0

[Event "39 Open Internacional de San Sebastian [Fide Code Event 127615]"]
[Site "Donostia - San Sebastian"]
[Date "2016.03.20"]
[Round "3"]
[White "CAMARENA GIMENEZ, Rufino"]
[Black "MARTINEZ DE SOR GORDON, Jose M"]
[Result "0-1"]
[BlackElo "1826"]
[ECO "A90"]
[Opening "Dutch"]
[Variation "2.c4 Nf6 3.g3 e6 4.Bg2 c6 5.Nf3"]
[WhiteElo "2424"]
[TimeControl "420+3"]
[Termination "normal"]
[PlyCount "132"]
[WhiteType "human"]
[BlackType "human"]

1. d4 f5 2. c4 Nf6 3. g3 e6 4. Bg2 c6 5. Nf3 Bb4+ 6. Nbd2 O-O 7. O-O d5 8.
Ne5 Bd6 9. Ndf3 Nbd7 10. Bf4 Be7 11. Qc2 Nh5 12. e3 g5 13. Nxd7 Bxd7 14.
Be5 g4 15. Ne1 Be8 16. Nd3 Bd6 17. b4 Ng7 18. Qb3 h5 19. cxd5 cxd5 20. Bxd5
exd5 21. Qxd5+ Rf7 22. Qxd6 Rd7 23. Qh6 Qb6 24. Qg5 Qg6 25. Qxg6 Bxg6 26.
Bxg7 Kxg7 27. Rfc1 Re7 28. Rc5 b6 29. Rc3 Be8 30. a4 Kf6 31. b5 Kg5 32. Nb4
h4 33. Rac1 hxg3 34. hxg3 a5 35. Nd5 Rh7 36. Rc8 Bf7 37. Nf4 Rxc8 38. Rxc8
Bb3 39. Rc6 Rh6 40. d5 Bxa4 41. d6 Bxb5 42. d7 Rh1+ 43. Kxh1 Bxc6+ 44. Nd5
Bxd7 45. Nxb6 Bb5 46. Kg1 Kf6 47. Nd5+ Ke5 48. Nc3 Bc4 49. Kg2 Kd6 50. f3
Kc5 51. Na4+ Kb5 52. Nb2 Bd5 53. e4 gxf3+ 54. Kxf3 fxe4+ 55. Ke3 Kb4 56.
Kd4 Bg8 57. Kxe4 Kb3 58. Nd1 a4 59. Kd3 a3 60. Nc3 Be6 61. Kd2 Bf5 62. Ne2
Kb2 63. Nc3 Bg4 64. Na4+ Kb3 65. Kc1 a2 66. Nc5+ Ka3 0-1

[Event "39 Open Internacional de San Sebastian [Fide Code Event 127615]"]
[Site "Donostia - San Sebastian"]
[Date "2016.03.20"]
[Round "3"]
[White "AROCENA URIA, Jaime"]
[Black "GARCIA MARTINEZ, Marcos"]
[Result "1/2-1/2"]
[BlackElo "2150"]
[ECO "C12"]
[Opening "French"]
[Variation "MacCutcheon, Chigorin Variation, 5.e5 h6 6.exf6"]
[WhiteElo "1820"]
[TimeControl "420+3"]
[Termination "normal"]
[PlyCount "142"]
[WhiteType "human"]
[BlackType "human"]

1. e4 e6 2. d4 d5 3. Nc3 Nf6 4. Bg5 Bb4 5. e5 h6 6. exf6 hxg5 7. fxg7 Rg8
8. Ne2 Qf6 9. Qd3 Bd7 10. a3 Ba5 11. O-O-O Nc6 12. Na4 Bb6 13. Nxb6 axb6
14. Qg3 O-O-O 15. Kb1 Qxg7 16. c3 Qg6+ 17. Qd3 Qf6 18. f3 e5 19. Ng3 g4 20.
Be2 gxf3 21. Qxf3 Qg6+ 22. Ka1 e4 23. Qf4 Be6 24. Rdf1 Rdf8 25. Rf2 f5 26.
Nf1 Qg7 27. Ne3 Ne7 28. c4 Ng6 29. Qg5 Qxd4 30. Rd1 Qc5 31. cxd5 Bd7 32. d6
Ne5 33. Qf4 c6 34. g4 Ng6 35. Qg5 f4 36. Qxc5 bxc5 37. Nc4 f3 38. Nb6+ Kd8
39. Bc4 Rg7 40. Nxd7 Kxd7 41. Re1 Re8 42. h3 Kxd6 43. Rxf3 exf3 44. Rxe8 b5
45. Bd3 Ne5 46. Bf1 Kd5 47. Kb1 Ke4 48. Kc2 Rd7 49. g5 Kf4 50. h4 Rh7 51.
g6 Nxg6 52. Bd3 Rxh4 53. Bxg6 Rh2+ 54. Kc3 b4+ 55. Kb3 Re2 56. Rf8+ Kg3 57.
Bd3 Rd2 58. Kc4 Rxb2 59. axb4 cxb4 60. Rf6 f2 61. Rxc6 Rc2+ 62. Bxc2 f1=Q+
63. Kxb4 Qe1+ 64. Kb5 Qe2+ 65. Rc4 Kf3 66. Be4+ Ke3 67. Bc2 Qh5+ 68. Kb4
Kd2 69. Be4 Qe5 70. Rc2+ Ke3 71. Rc4 Qxe4 1/2-1/2

[Event "39 Open Internacional de San Sebastian [Fide Code Event 127615]"]
[Site "Donostia - San Sebastian"]
[Date "2016.03.21"]
[Round "4"]
[White "PAUNOVIC, Dragan"]
[Black "VAZQUEZ IGARZA, Renier"]
[Result "1/2-1/2"]
[BlackElo "2585"]
[ECO "A37"]
[Opening "English"]
[Variation "Symmetrical, 5.Nf3 d6 6.d3"]
[WhiteElo "2427"]
[TimeControl "420+3"]
[Termination "normal"]
[PlyCount "82"]
[WhiteType "human"]
[BlackType "human"]

1. Nf3 c5 2. g3 Nc6 3. c4 g6 4. Bg2 Bg7 5. Nc3 d6 6. d3 e6 7. O-O Nge7 8.
Bd2 b6 9. a3 Bb7 10. Rb1 Qd7 11. b4 O-O 12. Qa4 Rfd8 13. Rfc1 h6 14. h4 Kh7
15. bxc5 dxc5 16. Qb5 Nf5 17. Ne4 Rab8 18. Bc3 Bxc3 19. Rxc3 Qe7 20. Qb2 e5
21. Rcc1 Ncd4 22. Nxd4 exd4 23. a4 Ng7 24. a5 f5 25. axb6 axb6 26. Nd2 Bxg2
27. Kxg2 f4 28. Ne4 fxg3 29. fxg3 Nf5 30. Ra1 Rf8 31. Ra6 Ne3+ 32. Kh2 Qb7
33. Rca1 Rf2+ 34. Kh1 Qf7 35. Ra7 Rb7 36. Rxb7 Qxb7 37. Qa2 Rf7 38. Qa8 Qd7
39. Nf6+ Rxf6 40. Ra7 Rf1+ 41. Kh2 Rf2+ 1/2-1/2

[Event "39 Open Internacional de San Sebastian [Fide Code Event 127615]"]
[Site "Donostia - San Sebastian"]
[Date "2016.03.21"]
[Round "4"]
[White "SANTOS LATASA, Jaime"]
[Black "MOVSZISZIAN, Karen"]
[Result "1/2-1/2"]
[BlackElo "2464"]
[ECO "A41"]
[Opening "Neo-Old Indian"]
[Variation "Modern, 3.Nc3 Bg7 4.Nf3"]
[WhiteElo "2531"]
[TimeControl "420+3"]
[Termination "normal"]
[PlyCount "97"]
[WhiteType "human"]
[BlackType "human"]

1. d4 d6 2. Nf3 g6 3. c4 Bg7 4. Nc3 e5 5. dxe5 dxe5 6. Qxd8+ Kxd8 7. e3 h6
8. Be2 Be6 9. O-O Nd7 10. b3 f5 11. Rd1 Ne7 12. Bb2 g5 13. Rac1 Ng6 14. c5
c6 15. Nd2 Ke7 16. Nc4 Rab8 17. e4 f4 18. f3 Kf6 19. b4 Rhd8 20. Na5 Bf8
21. a3 Rdc8 22. Nb1 Nh8 23. Nd2 Nf7 24. Rc2 h5 25. Bc4 Be7 26. Ndb3 Rd8 27.
Rcd2 Nf8 28. Bxe6 Rxd2 29. Rxd2 Kxe6 30. a4 Nd7 31. Kf1 Nd8 32. Nc4 b6 33.
cxb6 axb6 34. Bc3 b5 35. axb5 cxb5 36. Nca5 Rc8 37. Rd3 Nc6 38. Nxc6 Rxc6
39. Na5 Rc7 40. Bd2 Rc2 41. Rd5 Nf6 42. Rd3 g4 43. Nb3 Rb2 44. Nc5+ Bxc5
45. bxc5 Rc2 46. Rd6+ Ke7 47. Rd3 Ke6 48. Rd6+ Ke7 49. Rd3 1/2-1/2

[Event "39 Open Internacional de San Sebastian [Fide Code Event 127615]"]
[Site "Donostia - San Sebastian"]
[Date "2016.03.21"]
[Round "4"]
[White "POGORELOV, Ruslan"]
[Black "PAP, Misa"]
[Result "0-1"]
[BlackElo "2483"]
[ECO "A33"]
[Opening "English"]
[Variation "Symmetrical, Two Knights, 5.Nc3 Nc6 6.Ndb5"]
[WhiteElo "2347"]
[TimeControl "420+3"]
[Termination "normal"]
[PlyCount "75"]
[WhiteType "human"]
[BlackType "human"]

1. Nf3 c5 2. c4 Nc6 3. d4 cxd4 4. Nxd4 Nf6 5. Nc3 e6 6. Ndb5 d6 7. Bf4 e5
8. Bg5 a6 9. Na3 Be6 10. g3 Qb6 11. Na4 Qa5+ 12. Bd2 Qc7 13. Bg2 d5 14.
cxd5 Nxd5 15. O-O Rd8 16. Qc1 Be7 17. Re1 O-O 18. Nc5 Bg4 19. Nd3 Bh5 20.
Be3 Nxe3 21. Qxe3 Nd4 22. Rac1 Qb8 23. Nc2 Rfe8 24. Nxd4 exd4 25. Qd2 Bf6
26. Rc4 Bg4 27. a3 Re7 28. Bf3 Be6 29. Rc5 h6 30. Qc2 Qd6 31. b4 g5 32. Qb1
Kg7 33. Rec1 Rde8 34. R1c2 Bd7 35. Rb2 b6 36. Rcc2 g4 37. Bg2 Bg5 38. Ra2
0-1

[Event "39 Open Internacional de San Sebastian [Fide Code Event 127615]"]
[Site "Donostia - San Sebastian"]
[Date "2016.03.21"]
[Round "4"]
[White "TRATAR, Marko"]
[Black "VALDES ROMERO, Leonardo"]
[Result "0-1"]
[BlackElo "2375"]
[ECO "E92"]
[Opening "King's Indian"]
[Variation "Petrosian System"]
[WhiteElo "2471"]
[TimeControl "420+3"]
[Termination "normal"]
[PlyCount "92"]
[WhiteType "human"]
[BlackType "human"]

1. Nf3 Nf6 2. c4 g6 3. Nc3 Bg7 4. e4 d6 5. d4 O-O 6. Be2 e5 7. d5 Na6 8.
Nd2 h5 9. Nb3 b6 10. Bg5 Nc5 11. Nd2 a5 12. Qc2 Bd7 13. O-O Qe8 14. Rae1
Nh7 15. Be3 f5 16. exf5 gxf5 17. f4 e4 18. Nb3 Nf6 19. h3 Qg6 20. Bf2 Kh8
21. Qd1 Rg8 22. Bh4 Kh7 23. Bg5 Bh6 24. h4 Ng4 25. Bxg4 hxg4 26. Nxc5 bxc5
27. a4 Bg7 28. Qc2 Bd4+ 29. Kh2 Qg7 30. Rb1 Bxc3 31. bxc3 Rgb8 32. Kg3 Qf7
33. Rb2 Qe8 34. Rfb1 Rc8 35. Ra1 Rab8 36. Rb5 Bxb5 37. cxb5 Qf7 38. Qd2 Re8
39. Re1 e3 40. Rxe3 Rxe3+ 41. Qxe3 Re8 42. Qd3 Re4 43. c4 Qg7 44. Qd2 Qa1
45. Bd8 Qg1 46. h5 Kh6 0-1

[Event "39 Open Internacional de San Sebastian [Fide Code Event 127615]"]
[Site "Donostia - San Sebastian"]
[Date "2016.03.21"]
[Round "4"]
[White "SKOMOROKHIN, Roman"]
[Black "AABLING-THOMSEN, Jakob"]
[Result "1-0"]
[BlackElo "2341"]
[ECO "A10"]
[Opening "English"]
[Variation "Anglo-Dutch, 2.Nf3 Nf6 3.Nc3"]
[WhiteElo "2410"]
[TimeControl "420+3"]
[Termination "normal"]
[PlyCount "89"]
[WhiteType "human"]
[BlackType "human"]

1. Nf3 f5 2. c4 Nf6 3. Nc3 g6 4. e3 Bg7 5. Be2 d6 6. d4 O-O 7. O-O c6 8. b4
e5 9. b5 e4 10. Nd2 c5 11. Nb3 Nbd7 12. a4 b6 13. a5 Rb8 14. axb6 axb6 15.
dxc5 dxc5 16. Qd6 Ne8 17. Qd5+ Kh8 18. Bb2 Qh4 19. Ra7 f4 20. Qxe4 Nd6 21.
Qd5 fxe3 22. fxe3 Rxf1+ 23. Bxf1 Be5 24. g3 Qe7 25. Qd2 Bb7 26. e4 Qg7 27.
Bd3 Nf6 28. Nd5 Nfxe4 29. Bxe4 Bxb2 30. Qf4 Be5 31. Qg4 Rf8 32. Bg2 Qf7 33.
Qe2 Qf5 34. Nd2 Bd4+ 35. Kh1 Re8 36. Qf1 Qc2 37. Nf3 Bg7 38. Ng5 Qd2 39.
Nf7+ Nxf7 40. Rxb7 Re1 41. Rb8+ Bf8 42. Rxf8+ Kg7 43. Rxf7+ Kh6 44. Nxb6
Rxf1+ 45. Rxf1 1-0

[Event "39 Open Internacional de San Sebastian [Fide Code Event 127615]"]
[Site "Donostia - San Sebastian"]
[Date "2016.03.21"]
[Round "4"]
[White "LAGOS LEJARRAGA, Jon"]
[Black "LORENZO DURAN, Marcos"]
[Result "1-0"]
[BlackElo "2121"]
[ECO "B04"]
[Opening "Alekhine"]
[Variation "Modern, Schmid Variation"]
[WhiteElo "1919"]
[TimeControl "420+3"]
[Termination "normal"]
[PlyCount "109"]
[WhiteType "human"]
[BlackType "human"]

1. e4 Nf6 2. e5 Nd5 3. d4 d6 4. Nf3 Nb6 5. Bd3 Nc6 6. exd6 cxd6 7. c3 Bg4
8. Nbd2 e6 9. Nf1 Bh5 10. Ng3 Bg6 11. h4 d5 12. h5 Bxd3 13. Qxd3 h6 14. Bf4
Nc4 15. b3 Bd6 16. Ne2 Bxf4 17. Nxf4 Nd6 18. O-O O-O 19. Rfe1 Rc8 20. Rac1
Qf6 21. g3 Rfd8 22. Ne5 Ne4 23. Nxc6 Rxc6 24. c4 Ng5 25. c5 Ne4 26. Qe3 Qf5
27. Kg2 Rcc8 28. b4 Nf6 29. Qe5 Qxe5 30. Rxe5 Ne4 31. f3 Nd2 32. Re2 Nc4
33. a4 b6 34. Nd3 Kf8 35. Kf2 Ke7 36. Rcc2 Kd7 37. Nb2 Nxb2 38. Rxb2 f6 39.
f4 Re8 40. Re3 Rb8 41. Kf3 Rec8 42. Reb3 a6 43. a5 b5 44. Re3 Rc6 45. g4
Rf8 46. Rg2 Rcc8 47. f5 Rfe8 48. fxe6+ Rxe6 49. Rxe6 Kxe6 50. Re2+ Kf7 51.
Kf4 Rg8 52. Kf5 g6+ 53. hxg6+ Rxg6 54. Re7+ Kxe7 55. Kxg6 1-0

[Event "39 Open Internacional de San Sebastian [Fide Code Event 127615]"]
[Site "Donostia - San Sebastian"]
[Date "2016.03.21"]
[Round "4"]
[White "SANCHEZ RUESGA, Carlos"]
[Black "SEGOVIA SANCHEZ, Antonio"]
[Result "0-1"]
[BlackElo "2074"]
[ECO "B06"]
[Opening "Modern"]
[Variation "Pseudo-Austrian Attack, 1.e4 g6 2.d4 Bg7 3.Nc3 d6 4.f4 c6"]
[WhiteElo "1901"]
[TimeControl "420+3"]
[Termination "normal"]
[PlyCount "64"]
[WhiteType "human"]
[BlackType "human"]

1. e4 c6 2. d4 g6 3. Nc3 Bg7 4. f4 d6 5. h3 e5 6. dxe5 Qh4+ 7. Ke2 dxe5 8.
Nf3 Qe7 9. fxe5 Nd7 10. Qd6 Nxe5 11. Qxe7+ Nxe7 12. Kf2 O-O 13. Bf4 Nd7 14.
Bd3 Nf6 15. Rhe1 h6 16. g4 Be6 17. Nd4 Nxg4+ 18. hxg4 Bxd4+ 19. Kf3 g5 20.
Bd6 Rfe8 21. Ne2 Bg7 22. Ba3 Ng6 23. Bd6 Rad8 24. Bg3 Rd7 25. Nc3 Be5 26.
Rad1 Red8 27. a3 Kg7 28. Be2 Nf4 29. Bxf4 Bxf4 30. Bd3 Be5 31. Na4 b6 32.
b4 Bb3 0-1

[Event "39 Open Internacional de San Sebastian [Fide Code Event 127615]"]
[Site "Donostia - San Sebastian"]
[Date "2016.03.21"]
[Round "4"]
[White "SCHOLZEN, Wolfgang"]
[Black "GARRO BERAZA, Julen"]
[Result "1-0"]
[BlackElo "1962"]
[ECO "E61"]
[Opening "King's Indian"]
[Variation "Smyslov System, 6.e3 c6"]
[WhiteElo "2065"]
[TimeControl "420+3"]
[Termination "normal"]
[PlyCount "55"]
[WhiteType "human"]
[BlackType "human"]

1. d4 Nf6 2. Nf3 g6 3. c4 Bg7 4. Nc3 O-O 5. Bg5 c5 6. e3 d6 7. Bd3 Nc6 8.
d5 Nb4 9. Bb1 e6 10. a3 Qa5 11. Nd2 Na6 12. Bd3 Nc7 13. e4 Re8 14. O-O b5
15. Qf3 Nd7 16. cxb5 Ne5 17. Qg3 Bd7 18. f4 Nxd3 19. Nc4 Bxc3 20. Nxa5 Bxa5
21. dxe6 Bxb5 22. exf7+ Kxf7 23. f5 Kg8 24. fxg6 hxg6 25. Bf6 Ne5 26. Bxe5
Rxe5 27. Qxg6+ Kh8 28. Rf7 1-0

[Event "39 Open Internacional de San Sebastian [Fide Code Event 127615]"]
[Site "Donostia - San Sebastian"]
[Date "2016.03.21"]
[Round "4"]
[White "AOUT, Sebastien"]
[Black "MARTINEZ DE SOR GORDON, Jose M"]
[Result "1-0"]
[BlackElo "1826"]
[ECO "B42"]
[Opening "Sicilian"]
[Variation "Kan, 5.Bd3 Nf6"]
[WhiteElo "2258"]
[TimeControl "420+3"]
[Termination "normal"]
[PlyCount "101"]
[WhiteType "human"]
[BlackType "human"]

1. e4 c5 2. Nf3 e6 3. d4 cxd4 4. Nxd4 a6 5. Bd3 Nf6 6. Qe2 d6 7. O-O Nbd7
8. Nc3 Ne5 9. h3 Be7 10. f4 Nxd3 11. cxd3 O-O 12. Be3 Bd7 13. Kh2 Rc8 14.
Rf2 e5 15. fxe5 dxe5 16. Nf5 Bxf5 17. Rxf5 g6 18. Rf2 Bc5 19. Raf1 Bxe3 20.
Qxe3 Ne8 21. Qh6 Rc6 22. Rf3 Nc7 23. Rg3 Rd6 24. Rg4 Qe7 25. Rf3 Rfd8 26.
Rgg3 b5 27. a3 a5 28. Nd1 Qf8 29. Qd2 a4 30. Qc3 Qe7 31. Ne3 Kf8 32. Ng4
Re6 33. Nh6 f6 34. Ng4 Ne8 35. Ne3 Nc7 36. Rf2 Qd6 37. Ng4 Kg7 38. h4 h5
39. Ne3 Kh7 40. Qc1 Rd7 41. Rc2 Ree7 42. Rc6 Qd4 43. Rxf6 Rg7 44. Qc6 Qxb2
45. Rfxg6 Qf2 46. Nf5 Qf4 47. Nxg7 Qxh4+ 48. Kg1 Rf7 49. Rh6+ Kg8 50. Nf5+
Qxg3 51. Nxg3 1-0

[Event "39 Open Internacional de San Sebastian [Fide Code Event 127615]"]
[Site "Donostia - San Sebastian"]
[Date "2016.03.21"]
[Round "4"]
[White "FERNANDEZ DE BOBADILLA, Gabrie"]
[Black "JUEZ VILLAR, Erik"]
[Result "1-0"]
[BlackElo "2001"]
[ECO "E12"]
[Opening "Queen's Indian"]
[Variation "Petrosian, 4...Ba6 5.e3"]
[WhiteElo "2256"]
[TimeControl "420+3"]
[Termination "normal"]
[PlyCount "51"]
[WhiteType "human"]
[BlackType "human"]

1. d4 Nf6 2. c4 e6 3. Nf3 b6 4. a3 Ba6 5. e3 c5 6. dxc5 bxc5 7. Be2 Be7 8.
O-O O-O 9. b3 Nc6 10. Bb2 Qb6 11. Nbd2 Rfd8 12. e4 d5 13. cxd5 exd5 14.
Bxa6 dxe4 15. Be2 exf3 16. Bxf3 Rac8 17. Qe2 Nd4 18. Qxe7 Rd7 19. Qe5 Re8
20. Qg3 Ne4 21. Nxe4 Rxe4 22. Kh1 Re8 23. Rad1 Qxb3 24. Bc6 Qxd1 25. Rxd1
Nf5 26. Bxd7 1-0

[Event "39 Open Internacional de San Sebastian [Fide Code Event 127615]"]
[Site "Donostia - San Sebastian"]
[Date "2016.03.21"]
[Round "4"]
[White "TORRES NOVALBOS, David"]
[Black "PRIETO ARANGUREN, Alain"]
[Result "1-0"]
[BlackElo "2251"]
[ECO "B12"]
[Opening "Caro-Kann"]
[Variation "Gurgenidze-Modern: 3.Nd2 g6 4.Ngf3 Bg7 5.c3"]
[WhiteElo "1971"]
[TimeControl "420+3"]
[Termination "normal"]
[PlyCount "99"]
[WhiteType "human"]
[BlackType "human"]

1. e4 c6 2. d4 d5 3. Nd2 g6 4. Ngf3 Bg7 5. c3 Nf6 6. Bd3 dxe4 7. Nxe4 Nxe4
8. Bxe4 Nd7 9. O-O O-O 10. Bc2 Qc7 11. Re1 Nf6 12. Bg5 Be6 13. Bh4 Rad8 14.
Rxe6 fxe6 15. Ng5 Qf4 16. g3 Qd6 17. Bb3 Nd5 18. Qe2 h6 19. Nxe6 g5 20. c4
gxh4 21. Qg4 Rf7 22. Nxd8 Qxd8 23. cxd5 cxd5 24. Qe6 hxg3 25. Bxd5 gxf2+
26. Kg2 Qe8 27. Rf1 Kf8 28. Rxf2 Bf6 29. Qxf7+ Qxf7 30. Bxf7 Kxf7 31. d5
Ke8 32. Kf3 Kd7 33. Ke4 Kd6 34. b3 a5 35. Rc2 Be5 36. Rg2 Bf6 37. Rg6 h5
38. Rg8 Kc5 39. Rc8+ Kb5 40. Kf5 Bb2 41. Ke6 Ba3 42. Rc7 Bd6 43. Rxe7 Bxh2
44. Rxb7+ Kc5 45. Rh7 Kb4 46. Rxh5 Bc7 47. d6 Bb6 48. d7 Ka3 49. Rh2 Bc7
50. Rc2 1-0

[Event "39 Open Internacional de San Sebastian [Fide Code Event 127615]"]
[Site "Donostia - San Sebastian"]
[Date "2016.03.22"]
[Round "5"]
[White "PAP, Misa"]
[Black "VALDES ROMERO, Leonardo"]
[Result "1/2-1/2"]
[BlackElo "2375"]
[ECO "B07"]
[Opening "Pirc"]
[Variation "3.Bd3 g6 4.Nf3 Bg7 5.c3"]
[WhiteElo "2483"]
[TimeControl "420+3"]
[Termination "normal"]
[PlyCount "131"]
[WhiteType "human"]
[BlackType "human"]

1. e4 d6 2. d4 Nf6 3. Bd3 g6 4. c3 Bg7 5. Nf3 O-O 6. O-O Nc6 7. h3 e5 8.
Re1 h6 9. Na3 Nd7 10. Bb5 Ne7 11. dxe5 dxe5 12. Be3 a6 13. Bf1 Nc6 14. b4
Qe7 15. Nc4 b6 16. Qd2 Kh7 17. Rad1 Nf6 18. Qc2 Bb7 19. a4 Rfb8 20. Bd3 Nd7
21. Ra1 Nd8 22. Ncd2 a5 23. b5 Ne6 24. Bc4 Rf8 25. Qa2 Rae8 26. Bd5 Bxd5
27. Qxd5 Rd8 28. Qc4 Ndc5 29. Nb3 Nxb3 30. Qxb3 Rd3 31. Red1 Rfd8 32. Rxd3
Rxd3 33. Qc4 Rd7 34. g3 Qd8 35. Kg2 Kg8 36. Ra2 Qe7 37. Qb3 Rd3 38. Qc4 Rd7
39. Rd2 Rxd2 40. Nxd2 Qa3 41. Qb3 Qe7 42. Kf1 Kh7 43. Qd5 Qa3 44. Qb3 Qe7
45. Qc2 Qd7 46. Ke2 Nf8 47. g4 Ne6 48. Nf3 Qe7 49. Kf1 Qa3 50. Kg2 Qe7 51.
Qb3 Qd6 52. Qd5 Qa3 53. Qc4 Qe7 54. Kg3 Qa3 55. h4 Kg8 56. h5 g5 57. Kg2
Qa1 58. Qb3 Bf6 59. Qc2 Qa3 60. Bc1 Qd6 61. Qe2 Qd7 62. Kh3 Qd6 63. Be3 Qa3
64. Qc4 Qa1 65. Kg2 Qa3 66. Kh2 1/2-1/2

[Event "39 Open Internacional de San Sebastian [Fide Code Event 127615]"]
[Site "Donostia - San Sebastian"]
[Date "2016.03.22"]
[Round "5"]
[White "VAZQUEZ IGARZA, Renier"]
[Black "SKOMOROKHIN, Roman"]
[Result "1/2-1/2"]
[BlackElo "2410"]
[ECO "A07"]
[Opening "Reti Opening"]
[Variation "KIA, Yugoslav Variation, 3.Bg2 Bg4"]
[WhiteElo "2585"]
[TimeControl "420+3"]
[Termination "normal"]
[PlyCount "51"]
[WhiteType "human"]
[BlackType "human"]

1. Nf3 d5 2. g3 c6 3. Bg2 Bg4 4. d4 Nd7 5. Nbd2 Ngf6 6. b3 e6 7. Bb2 Qa5 8.
a3 Be7 9. O-O O-O 10. c4 b5 11. h3 Bh5 12. Ne5 Nxe5 13. dxe5 Nd7 14. cxd5
cxd5 15. g4 Bg6 16. f4 f5 17. Bd4 b4 18. axb4 Qxb4 19. e3 Nc5 20. g5 a5 21.
Qc2 Rfc8 22. Rfc1 Be8 23. Bc3 Qb6 24. Bd4 Qb4 25. Bc3 Qb6 26. Bd4 1/2-1/2